Map: Thunderbird LE

Players

pHARM - Winner!

  • Race: Zerg Zerg
  • League: Platinum
  • Spawn Location: 5:00

Cowboy

  • Race: Terran Terran
  • League: Platinum
  • Spawn Location: 11:00

VOD

Have the link to the VOD?

Description

Time

  • Played on: Aug. 31, 2019, 12:53 a.m.
  • Length: 34:34
Show
View Real Time Build Order
Export as new Build Order

pHARM Zerg - Winner!

Build Orders: Hatch First 

Get SALT Encoding   

  12  0:02  Drone  
  13  0:12  Overlord  
  13  0:18  Drone  
  14  0:31  Drone x2  
  16  0:44  Drone  
  17  0:55  Hatchery  
  16  0:57  Drone  
  17  1:05  Drone  
  18  1:19  Spawning Pool, Drone  
  18  1:20  Drone  
  19  1:30  Drone  
  20  1:43  Extractor  
  20  1:44  Drone  
  20  1:50  Overlord  
  20  2:04  Drone  
  20  2:07  Queen x2  
  25  2:08  Zergling x2  
  25  2:13  Drone  
  27  2:19  Drone  
  28  2:23  Drone  
  29  2:41  Drone  
  29  2:42  Drone x2  
  32  2:46  Lair  
  32  2:49  Hatchery  
  32  2:51  Drone x2  
  33  2:58  Queen  
  35  3:06  Overlord  
  35  3:07  Drone  
  36  3:21  Overlord  
  36  3:24  Drone  
  36  3:25  Drone x6  
  43  3:29  Metabolic Boost  
  43  3:42  Drone x2, Extractor  
  43  3:43  Extractor, Drone x2  
  45  4:04  Drone  
  45  4:05  Drone x2  
  45  4:06  Zergling x2  
  45  4:07  Zergling x8  
  53  4:11  Evolution Chamber  
  53  4:13  Evolution Chamber  
  51  4:21  Overseer  
  51  4:26  Pneumatized Carapace  
  51  4:36  Baneling Nest  
  50  4:59  Spine Crawler  
  49  5:01  Spore Crawler  
  49  5:05  Spine Crawler  
  49  5:06  Spore Crawler  
  46  5:09  Zergling x2  
  46  5:10  Zergling x18  
  46  5:11  Queen  
  58  5:14  Overlord x2  
  58  5:20  Baneling x8  
  58  5:21  Centrifical Hooks, Baneling x2  
  58  5:26  Zerg Melee Weapons Level 1  
  58  5:32  Queen  
  58  5:34  Zerg Ground Armor Level 1  
  60  5:49  Drone x10  
  70  5:50  Drone  
  71  6:05  Infestation Pit, Hydralisk Den  
  71  6:06  Overlord x2  
  69  6:25  Drone x3  
  71  6:26  Drone  
  73  6:40  Grooved Spines  
  73  6:46  Hydralisk  
  73  6:47  Extractor  
  72  6:48  Overlord x6  
  74  7:12  Drone x2  
  74  7:15  Hydralisk x7  
  76  7:16  Hydralisk  
  76  7:20  Zergling x12  
  98  7:51  Muscular Augments  
  98  7:54  Drone  
  98  7:55  Drone x10  
  109  8:00  Spine Crawler, Extractor x2  
  109  8:04  Spore Crawler  
  105  8:11  Zerg Melee Weapons Level 2, Zerg Ground Armor Level 2  
  105  8:14  Hive  
  105  8:46  Overlord x2  
  105  8:58  Hydralisk  
  105  8:59  Hydralisk x7  
  105  9:01  Overlord x6  
  121  9:09  Hatchery  
  120  9:21  Hydralisk x8  
  136  9:38  Nydus Network  
  135  9:50  Drone x15  
  150  10:24  Spire  
  149  10:29  Ultralisk Cavern  
  148  11:05  Zerg Ground Armor Level 3, Zerg Melee Weapons Level 3  
  148  11:07  Adrenal Glands  
  148  11:10  Zergling x30  
  148  11:11  Zergling x26  
  176  11:21  Chitinous Plating  
  176  11:46  Greater Spire  
  176  11:52  Ultralisk x2  
  176  11:53  Overlord x2  
  176  11:54  Overlord x3  
  188  12:20  Hatchery  
  187  12:33  Extractor  
  187  12:35  Zergling x18  
  187  12:36  Zergling x10  
  200  12:38  Extractor  
  199  12:45  Baneling x7  
  199  12:46  Baneling x14  
  199  12:47  Baneling x24  
  199  12:48  Baneling  
  199  13:03  Drone  
  200  13:17  Anabolic Synthesis  
  200  13:31  Overseer x3  
  200  13:32  Overseer x5  
  200  14:07  Corruptor  
  200  14:08  Corruptor x12  
  200  14:09  Corruptor x2  
  110  14:27  Corruptor x4  
  112  14:39  Zergling x4  
  112  14:40  Zergling x38  
  133  14:47  Corruptor  
  133  14:48  Corruptor  
  133  14:57  Spire  
  103  15:49  Zerg Missile Weapons Level 1  
  103  15:54  Drone x5  
  103  15:55  Drone x8  
  116  16:08  Hatchery  
  115  16:38  Greater Spire  
  115  16:40  Hydralisk Den  
  115  16:42  Hatchery  
  113  16:50  Corruptor x9  
  113  16:51  Corruptor x12  
  113  16:53  Corruptor  
  157  17:37  Overlord x4  
  157  17:40  Drone x3  
  160  17:44  Extractor  
  160  17:45  Drone x3  
  160  17:46  Extractor  
  161  17:52  Hydralisk x6, Overlord x2  
  161  17:53  Hydralisk x6  
  161  17:55  Zerg Missile Weapons Level 2  
  185  18:27  Hatchery  
  185  18:28  Hydralisk x6  
  185  18:29  Hydralisk x2  
  200  19:10  Extractor  
  200  19:11  Extractor  
  180  19:51  Overseer x3  
  180  19:52  Overseer x2  
  176  19:57  Hydralisk x11  
  142  21:01  Hydralisk x11  
  142  21:02  Hydralisk x20  
  196  21:24  Viper x3  
  199  21:44  Zerg Missile Weapons Level 3  
  199  22:02  Unknown  
  198  22:40  Unknown  
  150  23:04  Hydralisk x3  
  150  23:05  Hydralisk x24  
  144  23:06  Hydralisk x12  
  200  23:19  Overseer x2  
  198  23:20  Overseer x5  
  184  23:51  Spawning Pool  
  167  24:09  Overlord x5  
  139  24:10  Overlord x11  
  139  24:15  Corruptor x2  
  139  24:16  Corruptor x9  
  139  24:17  Corruptor  
  107  24:31  Overseer x3  
  107  24:55  Overseer x5  
  107  25:04  Zergling x32  
  107  25:05  Zergling x16  
  131  25:16  Spine Crawler  
  131  25:17  Spine Crawler x2  
  131  25:18  Spore Crawler, Spine Crawler  
  126  25:21  Spore Crawler  
  115  25:37  Corruptor  
  115  25:38  Corruptor x10, Drone  
  136  25:50  Corruptor x6  
  136  25:54  Baneling  
  136  25:55  Baneling x3  
  146  25:57  Baneling  
  146  25:58  Baneling  
  146  25:59  Baneling  
  134  26:26  Baneling x10  
  134  26:27  Zergling x2, Baneling x3  
  134  26:28  Zergling x40  
  155  26:38  Lair x4  
  155  27:06  Hatchery  
  154  27:21  Baneling x13  
  154  27:22  Baneling x12  
  130  27:50  Zergling x20  
  130  27:51  Zergling x40  
  146  27:52  Zergling x8  
  157  28:05  Overlord x2  
  157  28:06  Overlord x9  
  113  28:48  Zergling x14  
  95  28:49  Zergling x36  
  116  28:58  Hatchery  
  115  29:04  Unknown  
  112  29:23  Baneling  
  112  29:24  Baneling x20  
  112  29:25  Hydralisk x4  
  112  29:26  Hydralisk x14  
  148  29:34  Overseer x2  
  130  29:56  Corruptor x3  
  136  30:21  Corruptor x3  
  125  30:41  Corruptor  
  125  30:42  Corruptor x2  
  131  30:50  Overseer x3  
  123  31:18  Corruptor x6  
  128  31:30  Corruptor x2  
  126  31:32  Zergling x2  
  126  31:33  Zergling x32  
  126  31:34  Zergling x2  
  139  31:53  Corruptor x4  
  129  32:16  Corruptor, Drone  
  130  32:25  Corruptor x4  
  118  33:12  Spawning Pool  
  101  33:50  Hatchery  
Show
View Real Time Build Order
Export as new Build Order

Cowboy Terran 

Build Orders: Command Center First (CC) 

Get SALT Encoding   

  12  0:01  SCV  
  13  0:13  SCV  
  14  0:18  Supply Depot  
  14  0:25  SCV  
  15  0:39  SCV  
  16  0:51  SCV  
  17  1:06  Command Center  
  17  1:09  SCV  
  18  1:21  SCV, Barracks  
  19  1:34  Supply Depot  
  19  1:35  SCV  
  20  1:45  Refinery  
  20  1:47  SCV, Refinery  
  21  1:59  Supply Depot  
  21  2:00  SCV  
  22  2:11  Marine  
  22  2:14  Bunker  
  23  2:21  Bunker  
  23  2:28  SCV  
  24  2:35  Marine  
  25  2:40  SCV  
  26  2:52  SCV  
  26  2:53  Marine  
  28  3:05  Orbital Command  
  28  3:06  Factory  
  28  3:07  SCV  
  30  3:20  SCV, Barracks Tech Lab  
  30  3:32  SCV  
  30  3:33  Command Center  
  31  3:44  SCV  
  32  3:51  Starport  
  32  3:54  Barracks Reactor  
  33  3:55  SCV  
  33  3:56  SCV  
  34  4:03  Siege Tank  
  34  4:07  SCV  
  34  4:08  SCV  
  34  4:09  Refinery  
  39  4:11  Refinery  
  39  4:20  SCV  
  39  4:21  SCV  
  41  4:32  SCV  
  41  4:38  Siege Tank  
  45  4:43  Viking  
  45  4:44  SCV  
  48  4:56  SCV  
  49  5:04  Orbital Command  
  49  5:06  Refinery  
  49  5:08  SCV  
  50  5:15  Command Center  
  50  5:20  SCV  
  51  5:29  Supply Depot x2  
  51  5:31  Supply Depot  
  51  5:33  SCV  
  51  5:34  Supply Depot  
  52  5:35  Command Center  
  52  5:37  Viking  
  54  5:45  SCV  
  55  5:54  Widow Mine  
  57  5:57  SCV, Starport  
  57  6:01  Engineering Bay  
  58  6:09  SCV  
  59  6:12  SCV  
  59  6:16  Widow Mine  
  62  6:21  SCV  
  62  6:25  SCV  
  64  6:37  SCV  
  64  6:39  Command Center  
  65  6:49  SCV, Orbital Command  
  65  6:53  Missile Turret  
  65  6:54  Orbital Command  
  66  6:58  SCV  
  66  7:01  SCV  
  68  7:02  Orbital Command  
  68  7:10  SCV  
  68  7:13  SCV  
  70  7:22  SCV  
  71  7:25  SCV  
  71  7:29  Starport Tech Lab  
  72  7:32  Starport  
  72  7:34  SCV, Widow Mine  
  75  7:37  SCV  
  75  7:39  Missile Turret  
  75  7:40  Missile Turret  
  75  7:41  Missile Turret  
  75  7:42  Missile Turret x2  
  76  7:45  Missile Turret  
  76  7:46  SCV, Missile Turret  
  76  7:49  SCV  
  78  7:55  Widow Mine  
  80  8:00  Planetary Fortress  
  80  8:07  Command Center  
  80  8:13  Supply Depot  
  80  8:15  Starport Tech Lab  
  80  8:16  Widow Mine  
  82  8:22  SCV  
  82  8:23  Fusion Core  
  83  8:30  Refinery  
  83  8:33  Refinery  
  83  8:34  SCV  
  83  8:38  Widow Mine  
  86  8:46  SCV  
  87  8:51  Armory  
  87  8:54  Armory  
  87  8:58  SCV  
  87  8:59  Widow Mine  
  87  9:00  Armory  
  87  9:01  Supply Depot  
  90  9:07  Supply Depot  
  90  9:09  SCV  
  91  9:11  SCV  
  91  9:15  Refinery  
  92  9:20  Battlecruiser  
  92  9:21  SCV, Battlecruiser  
  92  9:23  SCV  
  106  9:28  Starport  
  106  9:30  Starport  
  106  9:33  Siege Tank, SCV  
  106  9:34  Starport  
  110  9:38  Planetary Fortress  
  110  9:45  SCV  
  111  9:54  Missile Turret  
  111  9:56  Missile Turret x2  
  111  9:57  SCV, Missile Turret  
  112  10:00  Sensor Tower  
  112  10:02  Sensor Tower  
  112  10:05  Terran Ship Weapons Level 1, Siege Tank, Missile Turret  
  112  10:06  Terran Vehicle And Ship Armor Level 1, Terran Vehicle Weapons Level 1  
  115  10:10  Missile Turret x2  
  115  10:17  SCV  
  116  10:21  Starport Tech Lab  
  116  10:22  Starport Tech Lab  
  116  10:23  Starport Tech Lab  
  116  10:25  Battlecruiser  
  122  10:29  SCV  
  110  10:38  Siege Tank  
  110  10:41  SCV  
  107  10:43  Battlecruiser  
  107  10:44  Battlecruiser  
  118  10:53  SCV  
  118  10:55  Battlecruiser  
  125  11:05  SCV  
  125  11:07  Command Center  
  125  11:10  Siege Tank  
  129  11:12  Command Center  
  129  11:23  Battlecruiser  
  135  11:40  Refinery  
  135  11:42  Battlecruiser  
  135  11:44  Refinery  
  135  11:46  Supply Depot  
  141  11:47  Supply Depot x2  
  141  11:48  Supply Depot  
  141  11:49  Missile Turret  
  141  12:01  Orbital Command  
  141  12:21  Sensor Tower  
  141  12:22  Missile Turret  
  141  12:25  Missile Turret  
  141  12:27  Missile Turret  
  141  12:32  Command Center  
  141  12:42  Command Center, SCV  
  142  12:45  Missile Turret  
  142  12:53  Orbital Command x2  
  142  12:54  SCV  
  143  13:06  SCV  
  144  13:18  SCV, Battlecruiser x5  
  144  13:19  Command Center  
  175  13:30  SCV  
  176  13:57  Planetary Fortress  
  176  14:01  Command Center  
  176  14:08  Missile Turret  
  157  14:22  Battlecruiser  
  126  15:05  Viking x4  
  116  15:11  Battlecruiser x2  
  121  15:26  Viking  
  120  15:34  Missile Turret  
  120  15:35  Viking x4  
  128  15:36  Missile Turret  
  128  15:37  Missile Turret  
  128  15:39  Command Center  
  128  15:40  Supply Depot  
  128  15:42  Supply Depot  
  128  15:43  Supply Depot  
  128  15:44  Bunker  
  128  15:45  Supply Depot  
  128  15:47  Missile Turret  
  128  15:53  Refinery  
  128  15:56  Viking  
  130  15:59  Orbital Command  
  130  16:05  Viking x4  
  130  16:09  SCV  
  139  16:19  SCV  
  139  16:22  SCV  
  139  16:25  Viking  
  145  16:26  Viking  
  145  16:31  SCV  
  145  16:32  Viking  
  148  16:34  SCV, Viking  
  148  16:35  Viking x3  
  157  16:43  SCV  
  157  16:45  Refinery  
  157  16:46  SCV  
  159  16:47  Refinery  
  159  16:55  Viking  
  159  16:56  SCV, Viking  
  159  16:58  SCV  
  165  17:02  Viking  
  165  17:04  Viking  
  165  17:05  Viking x3  
  165  17:08  SCV, Refinery  
  176  17:10  SCV, Orbital Command  
  177  17:22  SCV  
  178  17:26  Orbital Command  
  178  17:28  Widow Mine  
  180  17:34  SCV  
  181  17:38  Factory  
  181  17:39  Factory  
  181  17:40  Factory  
  181  17:42  Terran Ship Weapons Level 2  
  181  17:43  Terran Vehicle Weapons Level 2, Terran Vehicle And Ship Armor Level 2  
  181  17:45  Weapon Refit  
  181  17:46  SCV  
  181  17:49  Widow Mine  
  184  18:00  Planetary Fortress  
  184  18:04  Missile Turret  
  184  18:05  Missile Turret  
  184  18:10  Widow Mine, Missile Turret  
  184  18:11  Missile Turret  
  184  18:12  Missile Turret  
  186  18:26  Factory Reactor x3  
  186  18:32  Widow Mine  
  188  18:53  Hi-Sec Auto Tracking, Widow Mine  
  188  18:54  Advanced Ballistics  
  188  18:55  Cloaking Field  
  190  18:56  Hyperflight Rotors  
  190  18:58  Barracks Tech Lab  
  190  19:00  Corvid Reactor  
  190  19:01  Rapid Reignition System  
  194  19:17  Widow Mine x5  
  200  19:29  Missile Turret  
  200  19:30  Missile Turret  
  200  19:31  Missile Turret  
  200  19:34  Missile Turret x2  
  200  19:35  Missile Turret  
  200  19:36  Missile Turret  
  200  19:38  Missile Turret  
  176  19:49  Neosteel Armor  
  176  19:54  Widow Mine x6  
  188  20:01  Drilling Claws  
  188  20:15  Widow Mine x5  
  188  20:16  Widow Mine  
  128  21:07  Widow Mine x6  
  140  21:12  Battlecruiser  
  140  21:13  Battlecruiser x4  
  168  21:28  Widow Mine x3  
  168  21:29  Widow Mine x3  
  180  21:35  Widow Mine  
  182  21:50  SCV, Widow Mine x6  
  195  21:57  Widow Mine  
  197  22:06  Terran Ship Weapons Level 3, Terran Vehicle Weapons Level 3  
  197  22:07  Terran Vehicle And Ship Armor Level 3  
  197  22:11  Widow Mine  
  133  23:13  Widow Mine x4  
  133  23:14  Widow Mine x2  
  145  23:34  Widow Mine x2  
  145  23:35  Widow Mine x4  
  145  23:40  Widow Mine  
  149  23:54  Battlecruiser x3  
  149  23:55  Battlecruiser x2  
  177  23:56  Widow Mine x6  
  177  24:01  Widow Mine  
  157  24:17  Widow Mine x3  
  157  24:18  Widow Mine x3  
  157  24:23  Widow Mine  
  151  24:44  Widow Mine  
  155  24:46  Widow Mine x6  
  165  24:56  Viking x2  
  165  24:58  Viking, Battlecruiser  
  165  24:59  Viking x2, Battlecruiser  
  187  25:05  Widow Mine  
  191  25:07  Widow Mine x5  
  199  25:17  Starport  
  199  25:20  Starport  
  175  26:37  Widow Mine x5  
  175  26:38  Widow Mine  
  187  26:58  Widow Mine  
  187  26:59  Widow Mine x5  
  107  27:57  Widow Mine x3  
  107  27:58  Widow Mine x3  
  82  28:09  Battlecruiser x5  
  108  28:18  Widow Mine  
  108  28:19  Widow Mine x5  
  105  28:40  Widow Mine x5  
  105  28:41  Widow Mine  
  117  28:54  Viking x2  
  121  29:01  Widow Mine x2  
  121  29:02  Widow Mine x2  
  126  29:13  Battlecruiser x5  
  155  29:23  Viking  
  155  29:24  Viking  
  131  30:02  Widow Mine x5  
  108  30:42  Orbital Command  
  108  30:57  Orbital Command  
  107  31:39  Widow Mine x2  
  117  31:40  Widow Mine x4  
  117  32:01  Widow Mine x2  
  87  33:00  Refinery  
  87  33:01  Refinery  
  87  33:05  Widow Mine x4  
  95  33:16  Missile Turret  
Tags
 
Add a new tag
Caveats
  • Supply blocks, unpowered buildings, or Contaminate may cause inaccurate times.
  • Supply counts are checked every 10 seconds.